 Dungeon Crawl Stone Soup version 0.32-a0-12-g7fc57aa741 (webtiles) character file.

Game seed: 14429727068074244003

1445 oldriver the Magician (level 8, -9/61 HPs)
             Began as a Demonspawn Fire Elementalist on Jan 15, 2024.
             Mangled by Pikel
             ... wielding a +1 whip of electrocution
              (17 damage)
             ... on level 4 of the Dungeon.
             The game lasted 00:11:03 (7768 turns).

oldriver the Magician (DsFE)                        Turns: 7768, Time: 00:11:06

Health: -9/61      AC: 10    Str: 16    XL:     8   Next: 46%
Magic:  10/18      EV: 12    Int: 17    God:
Gold:   271        SH:  4    Dex: 13    Spells: 14/21 levels left

rFire   . . .        k - +2 dagger (venom)
rCold   . . .        (no shield)
rNeg    + . .        a - +0 robe
rPois   .            (no helmet)
rElec   .            (no cloak)
rCorr   .            (no gloves)
SInv    .            h - +2 pair of boots
Will    .....        l - amulet of the acrobat
Stlth   ++           i - ring of positive energy
HPRegen 0.30/turn    f - +6 ring of strength
MPRegen 0.16/turn

%: acrobat
@: no status effects
A: icemail 1, powered by death 1, sharp scales 1, condensation shield, weakness
stinger 1
a: no special abilities


You were on level 4 of the Dungeon.
You visited 1 branch of the dungeon, and saw 4 of its levels.
You also visited: Ossuary.

You collected 271 gold pieces.

Inventory:

Hand Weapons
 k - a +2 dagger of venom (weapon)
Missiles
 c - 6 poisoned darts
 d - 6 curare-tipped darts
Armour
 a - a +0 robe (worn)
 h - a +2 pair of boots (worn)
Jewellery
 f - a +6 ring of strength (right hand)
 i - a ring of positive energy (left hand)
 l - an amulet of the acrobat (around neck)
 s - a +4 ring of protection
Scrolls
 e - 3 scrolls of poison
 g - a scroll of identify
 j - 3 scrolls of teleportation
 o - a scroll of enchant armour {unknown}
 t - a scroll of immolation
Potions
 b - 2 potions of magic
 m - a potion of lignification
 n - a potion of attraction
 p - a potion of mutation
 r - 3 potions of curing


   Skills:
 + Level 4.3 Fighting
 - Level 2.0 Dodging
 - Level 2.0 Stealth
 + Level 7.0 Spellcasting
 + Level 3.9 Conjurations
 + Level 4.6 Fire Magic


You had 14 spell levels left.
You knew the following spells:

 Your Spells              Type           Power      Damage    Failure   Level
a - Foxfire               Conj/Fire      80%        2x1d8     1%          1
b - Scorch                Fire           42%        2d6       2%          2
c - Flame Wave            Conj/Fire      20%        2d7       21%         4

Your spell library contained the following spells:

 Spells                   Type           Power      Damage    Failure   Level
 Magic Dart               Conj           76%        1d6       2%          1
 Shock                    Conj/Air       48%        1d6       5%          1
 Inner Flame              Hex/Fire       13%        N/A       13%         3
 Volatile Blastmotes      Fire/Tloc      26%        2d12      13%         3
 Blink                    Tloc           10%        N/A       17%         2
 Call Imp                 Summ           10%        N/A       17%         2
 Swiftness                Air            5%         N/A       34%         3
 Airstrike                Air            2%         2d(1-17)  75%         4


Dungeon Overview and Level Annotations

Branches:
Dungeon (4/15)            Ossuary (visited)
 Temple: D:4-7

Altars:
Nemelex Xobeh
Ru
Xom

Shops:
D:1 !

Annotations:
D:4 1 runed translucent door, Crazy Yiuf, Pikel


Innate Abilities, Weirdness & Mutations

A meltable icy envelope protects you from harm. (AC +4)
You regenerate a little health from kills.
You are partially covered in razor-sharp scales. (AC +1, Slay +1)
A meltable shield of frost defends you. (SH +4)
You have a small tail.


Message History

You conjure some foxfire!
You conjure some foxfire!
The foxfire hits Pikel.
Pikel resists.
Pikel is lightly wounded.
Casting: Foxfire (safe; 1% risk of failure)
Confirm with . or Enter, or press ? or * to list all spells.
Flames lash Pikel but do no damage.
The foxfire hits Pikel but does no damage.
Pikel is lightly wounded.
Unknown command.
The foxfire hits Pikel.
Pikel resists.
Pikel is lightly wounded.
Pikel waves his whip at you. Pikel hits you but does no damage.
You are electrocuted!
Casting: Scorch (safe; 2% risk of failure)
Confirm with . or Enter, or press ? or * to list all spells.
Flames lash Pikel.
Pikel resists.
Pikel is lightly wounded.
Pikel's fire resistance burns away.
You hear a shout! x2
Pikel hits you with a +1 whip of electrocution!
You are too injured to fight recklessly!
Casting: Scorch (safe; 2% risk of failure)
Confirm with . or Enter, or press ? or * to list all spells.
You conjure some foxfire!
Pikel hits you with a +1 whip of electrocution.
You are electrocuted!!
* * * LOW HITPOINT WARNING * * *
Casting: Foxfire (safe; 1% risk of failure)
Confirm with . or Enter, or press ? or * to list all spells.
Flames lash Pikel.
Pikel is lightly wounded.
The foxfire hits Pikel.
Pikel is moderately wounded.
The foxfire hits Pikel.
Pikel is heavily wounded.
Pikel hits you with a +1 whip of electrocution!
* * * LOW HITPOINT WARNING * * *
You are electrocuted!
You die...
Pikel says, "See you in Hell!"

### ..# ###### ..# #....#
..#####. #.##.# ......#...
#.##.#######
......#.....####.##.......#
......#.....5..K@##.......#
##....#####.###..##.......#
......'.....###..##.......#####
......####.......##...........#
......# ........###.#.#######.#
......# ............#.# #.#
......# .......######.# #.#
......##.......# #.# #.#
......##.......# #.#######.#


You could see Pikel (combustible) and a lemure.

Vanquished Creatures
  A wyvern (D:4)
  An ogre (D:4)
  A lemure (D:4)
  A kobold brigand (D:4)
  9 scorpions (Ossuary)
  A centaur zombie (Ossuary)
  2 human zombies (Ossuary)
  2 bombardier beetles
  A hound (D:3)
  An orc priest (D:3)
  Jessica (D:3)
  Terence (D:2)
  4 scorpion zombies (Ossuary)
  2 orc wizards
  3 mummies (Ossuary)
  3 adders
  2 adder zombies (Ossuary)
  2 ribbon worms
  8 dart slugs
  2 orcs (D:3)
  6 ball pythons
  7 endoplasms
  4 giant cockroaches
  4 gnoll zombies (Ossuary)
  12 goblins
  5 hobgoblins
  5 jackals
  5 quokkas
  A ball python zombie (Ossuary)
  4 bats
  4 frilled lizards
  A jackal zombie (Ossuary)
  5 kobolds
  5 orc zombies (Ossuary)
  6 rats
122 creatures vanquished.

Vanquished Creatures (others)
  718 foxfires
718 creatures vanquished.

Grand Total: 840 creatures vanquished

Notes
Turn   | Place    | Note
-------+----------+-------------------------------------------
     0 | D:1      | oldriver the Demonspawn Fire Elementalist began the quest
                  | for the Orb.
     0 | D:1      | Reached XP level 1. HP: 13/13 MP: 3/3
   511 | D:1      | Found Ducoruj's Distillery.
   619 | D:1      | Gained mutation: You are partially covered in razor-sharp
                  | scales. (AC +1, Slay +1) [demonic ancestry]
   619 | D:1      | Reached XP level 2. HP: 19/19 MP: 0/5
   921 | D:1      | Reached skill level 3 in Spellcasting
  1343 | D:1      | Found a faded altar of an unknown god.
  1450 | D:1      | Gained mutation: You regenerate a little health from kills.
                  | [demonic ancestry]
  1450 | D:1      | Reached XP level 3. HP: 21/24 MP: 0/7
  2010 | D:2      | Learned a level 2 spell: Scorch
  2109 | D:2      | Noticed Terence
  2118 | D:2      | Killed Terence
  2119 | D:2      | Reached skill level 4 in Spellcasting
  2122 | D:2      | Reached XP level 4. HP: 30/30 MP: 0/10
  2297 | D:2      | Found a sparkling altar of Nemelex Xobeh.
  3386 | D:3      | Reached XP level 5. HP: 33/35 MP: 4/12
  3617 | D:3      | Noticed Jessica
  3619 | D:3      | Killed Jessica
  3620 | D:3      | Reached skill level 5 in Spellcasting
  4116 | D:3      | Gained mutation: A meltable shield of frost defends you.
                  | (SH +4) [demonic ancestry]
  4116 | D:3      | Reached XP level 6. HP: 40/42 MP: 0/14
  4716 | D:4      | Reached skill level 1 in Fighting
  4740 | D:4      | Found a runed translucent door.
  4741 | D:4      | Noticed Crazy Yiuf
  4835 | D:4      | Found a sand-covered staircase.
  4922 | D:4      | Noticed Pikel
  4950 | Ossuary  | Entered an ossuary
  5121 | Ossuary  | Reached skill level 6 in Spellcasting
  5545 | Ossuary  | Gained mutation: A meltable icy envelope protects you from
                  | harm. (AC +4) [demonic ancestry]
  5545 | Ossuary  | Reached XP level 7. HP: 51/51 MP: 5/16
  6677 | Ossuary  | Gained mutation: You have a small tail. [demonic ancestry]
  6677 | Ossuary  | Reached XP level 8. HP: 60/60 MP: 10/18
  6822 | Ossuary  | Learned a level 4 spell: Flame Wave
  7209 | D:4      | Found a sacrificial altar of Ru.
  7534 | D:4      | Found a shimmering altar of Xom.
  7600 | D:4      | Reached skill level 7 in Spellcasting
  7768 | D:4      | Mangled by Pikel

Illustrated notes

Levels and vault maps discovered:
D:1:      ebering_trefoil_twist, layout_basic, ebering_ecumenical_altar_mist,
          serial_shops, nicolae_shop_competitors_out_of_business
D:2:      layout_basic, basic_altar, kennysheep_generic_room_7, uniq_terence
D:3:      layout_loops_corners, minmay_misc_feat_enclosed,
          kennysheep_orc_chapel, uniq_jessica
D:4:      layout_basic, mainiacjoe_overflow_catwalk, nicolae_ru_awakened_eye,
          enter_ossuary_5, uniq_pikel, uniq_crazy_yiuf_cottage

Skill      XL: |  1  2  3  4  5  6  7  8 |
---------------+-------------------------+-----
Spellcasting   | 3 4 5 6 7 |  7.0
Dodging        | 2 |  2.0
Stealth        | 2 |  2.0
Fighting       | 2 3 4 |  4.3
Fire Magic     | 3 4 |  4.6
Conjurations   | 3 |  3.9

Action                     |  1- 3 |  4- 6 |  7- 9 || total
---------------------------+-------+-------+-------++-------
  Melee: Unarmed           |    22 |       |       ||    22
         Dagger            |       |    23 |    12 ||    35
   Cast: Foxfire           |   124 |   142 |   180 ||   446
         Scorch            |     1 |    33 |    33 ||    67
    Use: Scroll            |       |     7 |     6 ||    13
         Potion            |       |     2 |       ||     2
 Armour: Robe              |    24 |    35 |    32 ||    91
         Skin              |       |    13 |       ||    13
  Dodge: Dodged            |    46 |    38 |    30 ||   114
  Block: Other             |       |     8 |    11 ||    19

Table legend: (Time is in decaauts)
 A = Elapsed time spent in this place.
 B = Non-inter-level travel time spent in this place.
 C = Inter-level travel time spent in this place.
 D = Time resting spent in this place.
 E = Time spent auto-exploring this place.
 F = Levels seen in this place.
 G = Mean time per level.
                   A        B        C        D        E       F      G
               +--------+--------+--------+--------+--------+-----+--------+
         Total |   7765 |   7679 |     86 |   1870 |   4429 |   5 | 1553.0 |
       Dungeon |   5842 |   5756 |     86 |   1133 |   3637 |   4 | 1460.5 |
       Ossuary |   1922 |   1922 |      0 |    737 |    792 |   1 | 1922.0 |
               +--------+--------+--------+--------+--------+-----+--------+

Top non-repeatable levels by time:
 Ossuary: 1922 daAuts
     D:1: 1757 daAuts
     D:3: 1622 daAuts
     D:2: 1330 daAuts
     D:4: 1132 daAuts
